Map: Cactus Valley LE (Void)

Players

Tobnac

  • Race: Zerg Zerg
  • League: Grandmaster

whysoserious - Winner!

  • Race: Zerg Zerg
  • League: Grandmaster

VOD

Have the link to the VOD?

Description

Time

  • Played on: June 2, 2015, 8:28 a.m.
  • Length: 14:13
Show
View Real Time Build Order
Export as new Build Order

Tobnac Zerg 

Build Orders: Pool First 

Get SALT Encoding   

  12  0:18  Spawning Pool  
  11  0:22  Drone  
  11  0:27  Drone  
  13  0:32  Drone  
  14  0:40  Overlord  
  14  1:05  Zergling x4  
  17  1:15  Queen  
  18  1:22  Zergling x2  
  19  1:32  Hatchery  
  18  1:37  Zergling x2  
  19  1:44  Zergling x2  
  20  1:50  Zergling x2  
  20  2:08  Zergling x2  
  21  2:31  Zergling x4  
  21  2:33  Overlord  
  21  2:34  Overlord  
  19  2:50  Drone x3  
  19  2:51  Drone  
  22  3:04  Drone x2  
  23  3:29  Drone x7  
  23  3:31  Queen x2  
  33  3:37  Roach Warren  
  33  3:38  Extractor  
  33  3:41  Drone, Extractor  
  30  3:56  Zergling x4  
  30  3:57  Zergling x4  
  26  4:19  Drone x6  
  32  4:28  Drone x2  
  34  4:35  Queen  
  35  4:42  Drone  
  35  4:44  Overlord  
  35  5:01  Overlord  
  35  5:02  Overlord x2  
  35  5:07  Queen  
  37  5:16  Drone x3  
  40  5:49  Roach  
  42  5:50  Roach x8  
  57  6:03  Roach x4  
  65  6:17  Drone x4  
  67  6:20  Overlord  
  55  7:02  Roach x10  
  63  7:29  Roach x6  
  71  7:35  Lair  
  71  7:56  Roach x4  
  59  8:25  Roach x9  
  71  8:36  Drone  
  70  8:45  Glial Reconstitution  
  70  8:48  Hydralisk Den  
  69  8:52  Drone x2  
  69  8:53  Evolution Chamber, Drone x2  
  66  9:08  Roach  
  66  9:09  Roach x5  
  60  9:36  Extractor  
  60  9:37  Drone, Extractor  
  60  9:38  Drone x5  
  56  10:11  Hydralisk x3, Roach  
  56  10:12  Hydralisk x2, Roach x4  
  56  10:13  Roach x2  
  70  10:32  Overlord x2  
  70  10:35  Hatchery  
  69  10:36  Zerg Missile Weapons Level 1  
  69  10:40  Muscular Augments  
  69  10:45  Hatchery  
  68  10:51  Hydralisk x2  
  68  10:52  Roach x3  
  68  10:53  Zergling x2  
  68  10:54  Zergling x12  
  85  11:00  Drone  
  86  11:24  Hydralisk  
  86  11:25  Hydralisk, Roach x2  
  88  11:44  Hydralisk  
  88  11:45  Roach  
  91  11:48  Overlord x3  
  89  12:17  Hatchery  
  88  12:25  Hydralisk x4  
  88  12:26  Hydralisk x2, Roach x6  
  102  12:54  Hydralisk  
  102  12:55  Roach x2  
  83  13:05  Drone  
  83  13:06  Drone  
Show
View Real Time Build Order
Export as new Build Order

whysoserious Zerg - Winner!

Build Orders: Hatch First 

Get SALT Encoding   

  12  0:01  Drone  
  13  0:12  Drone  
  14  0:15  Extractor  
  14  0:16  Drone  
  15  0:39  Hatchery  
  14  0:46  Overlord  
  14  1:02  Spawning Pool  
  13  1:05  Drone  
  13  1:08  Drone  
  15  1:13  Drone  
  15  1:17  Extractor  
  15  1:18  Drone  
  16  1:29  Drone  
  17  1:38  Drone  
  18  1:51  Queen x2  
  18  1:53  Zergling x2  
  23  1:57  Drone  
  24  2:15  Zergling x2  
  24  2:16  Zergling x4  
  27  2:32  Zergling x2  
  27  2:37  Overlord x2  
  27  2:42  Metabolic Boost  
  26  2:53  Spine Crawler  
  25  3:02  Drone x4  
  29  3:17  Extractor  
  29  3:18  Roach Warren  
  27  3:25  Queen  
  25  3:31  Drone  
  26  3:45  Drone  
  26  3:46  Drone x4  
  31  3:52  Drone  
  31  3:54  Drone  
  34  4:02  Drone  
  34  4:03  Drone  
  34  4:07  Drone  
  34  4:08  Drone  
  37  4:11  Drone  
  37  4:18  Drone  
  37  4:20  Overlord  
  38  4:37  Drone x7  
  44  4:42  Drone  
  44  4:43  Drone x2  
  47  4:53  Drone x3  
  47  4:59  Overlord  
  50  5:03  Overlord x2  
  50  5:07  Extractor  
  49  5:12  Baneling Nest  
  48  5:25  Roach x5  
  48  5:26  Roach  
  60  5:30  Roach x2  
  60  5:31  Roach x2  
  60  5:34  Queen  
  70  5:38  Roach  
  72  5:56  Baneling  
  72  5:57  Baneling  
  72  5:58  Overlord x3  
  71  6:29  Ravager x10  
  71  6:30  Ravager, Roach  
  71  6:31  Roach, Zergling x2  
  71  6:32  Zergling x18  
  96  6:41  Extractor  
  60  7:05  Roach  
  60  7:06  Roach x9  
  76  7:18  Roach x5  
  84  7:25  Ravager  
  84  7:31  Hatchery  
  83  7:43  Baneling  
  83  7:44  Baneling  
  83  7:46  Zergling x18  
  81  8:06  Roach x5  
  80  8:29  Hatchery  
  79  8:43  Hatchery  
  79  8:44  Queen  
  80  8:48  Drone  
  80  8:49  Evolution Chamber, Drone x10  
  58  9:31  Roach x3  
  58  9:32  Roach x15  
  58  9:35  Zerg Missile Weapons Level 1  
  58  9:37  Evolution Chamber  
  89  9:43  Queen  
  91  9:47  Drone x2  
  91  9:48  Drone x3  
  94  10:06  Extractor  
  89  10:09  Extractor  
  88  10:19  Drone  
  88  10:20  Drone x15  
  104  10:27  Zerg Ground Armor Level 1  
  104  10:28  Queen  
  104  10:34  Overlord x2  
  106  10:47  Lair  
  106  10:53  Hatchery  
  105  11:07  Burrow  
  105  11:16  Spine Crawler x2  
  97  11:30  Roach  
  97  11:31  Roach x18  
  121  12:05  Hydralisk Den  
  120  12:13  Roach x5  
  120  12:14  Roach x2  
  132  12:17  Overlord x4  
  132  12:22  Lurker Den  
  130  12:32  Overlord x3  
  130  12:33  Overlord x5  
  117  12:49  Roach  
  117  12:50  Roach x6  
  126  12:57  Drone x19  
  114  13:03  Roach x3  
  114  13:04  Roach  
  109  13:26  Roach  
  107  13:29  Roach x4  
  115  13:37  Roach Warren  
  114  13:48  Hydralisk x2, Spawning Pool  
Tags
 
Add a new tag
Caveats
  • Supply blocks, unpowered buildings, or Contaminate may cause inaccurate times.
  • Supply counts are checked every 10 seconds.